3L
HARTFORD WHALERS @ D.C. DIVIDED
09/19/2022
 
TOP OF THE 1ST
Hartford Whalers batting - Pitching for D.C. Divided : RHP Neil Gilliam
Pitching: RHP Neil Gilliam
Batting: RHB Dave Farr 0-0: Swinging Strike
0-1: Ball
1-1: Foul Ball, location: 2F
1-2: Ball
2-2: Strikes out swinging
Batting: RHB Phil Hayes 0-0: Ball
1-0: Ball
2-0: Ball
3-0: Called Strike
3-1: Called Strike
3-2: SINGLE (Groundball, 6MD)
Batting: LHB César Durán 0-0: Ball
1-0: Ball
2-0: Ball
3-0: Called Strike
3-1: Called Strike
3-2: Base on Balls
Phil Hayes to second
Batting: LHB Gerald Holloway 0-0: Foul Ball, location: 2F
0-1: Ball
Passed Ball!
Phil Hayes to third
César Durán to second
1-1: Ground out 4-3 (Groundball, 4)
Phil Hayes scores
César Durán to third
Batting: RHB Brent Burgess 0-0: Ball
1-0: SINGLE (Groundball, 4)
César Durán scores
Batting: RHB Román Centena 0-0: Swinging Strike
0-1: Called Strike
0-2: Strikes out swinging
Top of the 1st over - 2 run(s), 2 hit(s), 0 error(s), 1 left on base; Hartford 2 - D.C. 0
BOTTOM OF THE 1ST
D.C. Divided batting - Pitching for Hartford Whalers : LHP Ryan Draper
Pitching: LHP Ryan Draper
Batting: LHB Charles Mathes 0-0: Ball
1-0: Ball
2-0: Ball
3-0: Base on Balls
Batting: SHB Eiji Suzuki 0-0: Ball
1-0: Called Strike
1-1: Called Strike
1-2: Ball
2-2: Ground out 3-1 (Groundball, 34)
Charles Mathes to second
Batting: LHB Ray Sears 0-0: Called Strike
Charles Mathes steals 3rd base
0-1: Ball
1-1: Foul Ball, location: 2F
1-2: Ball
2-2: Ball
3-2: Base on Balls
Batting: RHB Dong-joon Ch'oe 0-0: DOUBLE (Line Drive, 7LS)
Charles Mathes scores
Ray Sears to third
Batting: RHB Lúcio López 0-0: Called Strike
0-1: Ball
1-1: Fly out, F8 (Flyball, 89S)
Batting: RHB Brett Robinson 0-0: Fly out, F9 (Flyball, 9LSF)
Bottom of the 1st over - 1 run(s), 1 hit(s), 0 error(s), 2 left on base; Hartford 2 - D.C. 1
TOP OF THE 2ND
Hartford Whalers batting - Pitching for D.C. Divided : RHP Neil Gilliam
Batting: LHB Norm Ortega 0-0: Ball
1-0: DOUBLE (Line Drive, 5D)
Batting: RHB Javier Díaz 0-0: Called Strike
0-1: Called Strike
0-2: Fly out, F9 (Flyball, 9M)
Batting: LHB James Sorensen 0-0: Ball
1-0: Foul Ball, location: 2F
1-1: Swinging Strike
1-2: Foul Ball, location: 2F
1-2: Ball
2-2: Foul Ball, location: 2F
2-2: Ball
3-2: Foul Ball, location: 2F
3-2: SINGLE (Groundball, 6M)
Norm Ortega to third
Batting: RHB Dave Farr 0-0: Ball
1-0: Fly out, F2 (Popup, 2R)
Batting: RHB Phil Hayes 0-0: Called Strike
0-1: Fly out, F8 (Flyball, 8RM)
Top of the 2nd over - 0 run(s), 2 hit(s), 0 error(s), 2 left on base; Hartford 2 - D.C. 1
BOTTOM OF THE 2ND
D.C. Divided batting - Pitching for Hartford Whalers : LHP Ryan Draper
Batting: RHB Mario Castillo 0-0: Ball
1-0: Ball
2-0: Ground out 6-3 (Groundball, 6)
Batting: LHB Mike Gardner 0-0: Ground out 1-3 (Groundball, 15)
Batting: RHB Cristo González 0-0: Ball
1-0: Ball
2-0: DOUBLE (Flyball, 8LXD)
Batting: LHB Charles Mathes 0-0: Ball
1-0: Foul Ball, location: 2F
1-1: SINGLE (Groundball, 34S)
Cristo González to third
Throwing error, E9
Cristo González scores
Charles Mathes to second
Batting: SHB Eiji Suzuki 0-0: Ball
1-0: Ball
Balk!
Charles Mathes to third
2-0: Called Strike
2-1: Ball
3-1: Base on Balls
Batting: LHB Ray Sears 0-0: Ball
1-0: Ball
2-0: Foul Ball, location: 2F
2-1: Ball
3-1: Base on Balls
Eiji Suzuki to second
Batting: RHB Dong-joon Ch'oe 0-0: Ball
1-0: Foul Ball, location: 2F
1-1: Ball
2-1: Ball
3-1: SINGLE (Flyball, 8RS)
Charles Mathes scores
Eiji Suzuki to third
Ray Sears to second
Runner from 3rd tries for Home, SAFE, no throw or cutoff
Batting: RHB Lúcio López 0-0: Foul Ball, location: 2F
0-1: Ground out 1-3 (Groundball, 15)
Bottom of the 2nd over - 3 run(s), 3 hit(s), 1 error(s), 2 left on base; Hartford 2 - D.C. 4
TOP OF THE 3RD
Hartford Whalers batting - Pitching for D.C. Divided : RHP Neil Gilliam
Batting: LHB César Durán 0-0: Called Strike
0-1: Ball
1-1: SINGLE (Groundball, 34D)
Batting: LHB Gerald Holloway 0-0: Ball
1-0: Grounds into double play, 4-6-3 (Groundball, 4)
Batting: RHB Brent Burgess 0-0: Ball
1-0: Ground out 1-3 (Groundball, 13)
Top of the 3rd over - 0 run(s), 1 hit(s), 0 error(s), 0 left on base; Hartford 2 - D.C. 4
BOTTOM OF THE 3RD
D.C. Divided batting - Pitching for Hartford Whalers : LHP Ryan Draper
Batting: RHB Brett Robinson 0-0: Ball
1-0: DOUBLE (Flyball, 78XD)
Batting: RHB Mario Castillo 0-0: Ground out 5-3 (Groundball, 56)
Batting: LHB Mike Gardner 0-0: Ball
1-0: Called Strike
1-1: Fly out, F7 (Flyball, 7LS)
Batting: RHB Cristo González 0-0: Fly out, F6 (Line Drive, 6)
Bottom of the 3rd over - 0 run(s), 1 hit(s), 0 error(s), 1 left on base; Hartford 2 - D.C. 4
TOP OF THE 4TH
Hartford Whalers batting - Pitching for D.C. Divided : RHP Neil Gilliam
Batting: RHB Román Centena 0-0: Foul Ball, location: 2F
0-1: Ball
1-1: Swinging Strike
1-2: Ball
2-2: Strikes out swinging
Batting: LHB Norm Ortega 0-0: Ball
1-0: Fly out, F2 (Popup, 2LF)
Batting: RHB Javier Díaz 0-0: Called Strike
0-1: Swinging Strike
0-2: Ground out 1-3 (Groundball, 13S)
Top of the 4th over - 0 run(s), 0 hit(s), 0 error(s), 0 left on base; Hartford 2 - D.C. 4
BOTTOM OF THE 4TH
D.C. Divided batting - Pitching for Hartford Whalers : LHP Ryan Draper
Batting: LHB Charles Mathes 0-0: Ground out 6-3 (Groundball, 6M)
Batting: SHB Eiji Suzuki 0-0: Ball
1-0: Ball
2-0: SINGLE (Line Drive, 7S)
Batting: LHB Ray Sears 0-0: Foul Ball, location: 2F
0-1: Ball
Balk!
Eiji Suzuki to second
1-1: Called Strike
1-2: Ground out 6-3 (Groundball, 6)
Batting: RHB Dong-joon Ch'oe 0-0: Ball
1-0: Called Strike
1-1: Called Strike
1-2: SINGLE (Groundball, 5L)
Eiji Suzuki to third
Runner from 3rd tries for Home, SAFE, no throw or cutoff
Batting: RHB Lúcio López 0-0: Ground out 6-3 (Groundball, 6)
Bottom of the 4th over - 1 run(s), 2 hit(s), 0 error(s), 1 left on base; Hartford 2 - D.C. 5
TOP OF THE 5TH
Hartford Whalers batting - Pitching for D.C. Divided : RHP Neil Gilliam
Batting: LHB James Sorensen 0-0: Foul Ball, location: 2F
0-1: Foul Ball, location: 2F
0-2: Ball
1-2: Ball
2-2: SINGLE (Groundball, 15S) (infield hit)
Batting: RHB Dave Farr 0-0: Fly out, F9 (Popup, 89S)
Batting: RHB Phil Hayes 0-0: Ball
1-0: Foul Ball, location: 2F
1-1: Ball
2-1: SINGLE (Line Drive, 56D)
James Sorensen to second
Batting: LHB César Durán 0-0: Ball
1-0: Called Strike
1-1: Swinging Strike
1-2: Fly out, F9 (Flyball, 89XD)
Runner from 2nd tags up, SAFE at 3rd, no throw
Batting: LHB Gerald Holloway 0-0: Ball
1-0: Foul Ball, location: 2F
1-1: Foul Ball, location: 2F
1-2: Strikes out swinging
Top of the 5th over - 0 run(s), 2 hit(s), 0 error(s), 2 left on base; Hartford 2 - D.C. 5
BOTTOM OF THE 5TH
D.C. Divided batting - Pitching for Hartford Whalers : LHP Ryan Draper
Batting: RHB Brett Robinson 0-0: Ground out 1-3 (Groundball, 15)
Batting: RHB Mario Castillo 0-0: Ball
1-0: Ball
2-0: Ball
3-0: Base on Balls
Batting: LHB Mike Gardner 0-0: Called Strike
0-1: 2-RUN HOME RUN (Flyball, 9D), Distance : 397 ft
Pitching: LHP Dale Stevens
Batting: RHB Cristo González 0-0: Swinging Strike
0-1: Called Strike
0-2: Ball
1-2: Strikes out swinging
Batting: LHB Charles Mathes 0-0: Called Strike
0-1: Ball
1-1: Ball
2-1: Ball
3-1: Base on Balls
Batting: SHB Eiji Suzuki 0-0: Ball
Charles Mathes is caught stealing 2nd base
Bottom of the 5th over - 2 run(s), 1 hit(s), 0 error(s), 0 left on base; Hartford 2 - D.C. 7
TOP OF THE 6TH
Hartford Whalers batting - Pitching for D.C. Divided : RHP Neil Gilliam
Batting: RHB Brent Burgess 0-0: Ball
1-0: Ground out 4-3 (Groundball, 4)
Batting: RHB Román Centena 0-0: Ball
1-0: Called Strike
1-1: Ball
2-1: Foul Ball, location: 2F
2-2: SOLO HOME RUN (Flyball, 7LD), Distance : 367 ft
Batting: LHB Norm Ortega 0-0: SINGLE (Flyball, 78M)
Batting: RHB Javier Díaz 0-0: Fielders Choice at 2nd, 5-4 (Groundball, 56)
Batting: LHB James Sorensen 0-0: Ball
1-0: Ball
2-0: Foul Ball, location: 2F
2-1: Ground out U3 (Groundball, 3L)
Top of the 6th over - 1 run(s), 2 hit(s), 0 error(s), 1 left on base; Hartford 3 - D.C. 7
BOTTOM OF THE 6TH
D.C. Divided batting - Pitching for Hartford Whalers : LHP Dale Stevens
Batting: SHB Eiji Suzuki 0-0: Swinging Strike
0-1: SINGLE (Line Drive, 8LS)
Batting: LHB Ray Sears 0-0: Ball
1-0: Foul Ball, location: 2F
1-1: Swinging Strike
1-2: Strikes out swinging
Batting: RHB Dong-joon Ch'oe 0-0: Ball
1-0: Called Strike
1-1: Ball
2-1: Called Strike
2-2: Ball
3-2: Base on Balls
Eiji Suzuki to second
Batting: RHB Lúcio López 0-0: Ball
Dong-joon Ch'oe is caught stealing 2nd base
1-0: Ball
2-0: Called Strike
2-1: Reached on error, E5 (Groundball, 56)
Eiji Suzuki scores
Batting: RHB Brett Robinson 0-0: Called Strike
0-1: Ball
1-1: Ball
2-1: SINGLE (Flyball, 8LS)
Lúcio López to second
Batting: RHB Mario Castillo 0-0: Foul Ball, location: 2F
0-1: Ball
1-1: 3-RUN HOME RUN (Flyball, 78XD), Distance : 438 ft
Batting: LHB Mike Gardner 0-0: Called Strike
0-1: Called Strike
0-2: Ball
1-2: Strikes out swinging
Bottom of the 6th over - 4 run(s), 3 hit(s), 1 error(s), 0 left on base; Hartford 3 - D.C. 11
TOP OF THE 7TH
Hartford Whalers batting - Pitching for D.C. Divided : RHP Neil Gilliam
Batting: RHB Dave Farr 0-0: Ball
1-0: Called Strike
1-1: Called Strike
1-2: Ball
2-2: Strikes out looking
Batting: RHB Phil Hayes 0-0: Swinging Strike
0-1: Fly out, F4 (Popup, 4D)
Batting: LHB César Durán 0-0: Swinging Strike
0-1: Ball
1-1: Ball
2-1: Swinging Strike
2-2: Ground out 4-3 (Groundball, 4)
Top of the 7th over - 0 run(s), 0 hit(s), 0 error(s), 0 left on base; Hartford 3 - D.C. 11
BOTTOM OF THE 7TH
D.C. Divided batting - Pitching for Hartford Whalers : LHP Dale Stevens
Pitching: RHP Floyd MacFadden
Batting: RHB Cristo González 0-0: Called Strike
0-1: Ball
1-1: Called Strike
1-2: Foul Ball, location: 2F
1-2: Ball
2-2: Ball
3-2: Foul Ball, location: 2F
3-2: Base on Balls
Batting: LHB Charles Mathes 0-0: Called Strike
Cristo González steals 2nd base
0-1: Ball
1-1: Ball
2-1: Ball
3-1: Called Strike
3-2: DOUBLE (Line Drive, 8RM)
Cristo González scores
Batting: SHB Eiji Suzuki 0-0: Swinging Strike
0-1: Ground out 4-3 (Groundball, 4)
Charles Mathes to third
Batting: LHB Ray Sears 0-0: Called Strike
0-1: Foul Ball, location: 2F
0-2: Foul Ball, location: 2F
0-2: Ball
1-2: Ground out 4-3 (Groundball, 4)
Charles Mathes scores
Batting: RHB Dong-joon Ch'oe 0-0: Ball
1-0: Ball
2-0: Ball
3-0: Called Strike
3-1: Foul Ball, location: 2F
3-2: Ground out 4-3 (Groundball, 4M)
Bottom of the 7th over - 2 run(s), 1 hit(s), 0 error(s), 0 left on base; Hartford 3 - D.C. 13
TOP OF THE 8TH
Hartford Whalers batting - Pitching for D.C. Divided : RHP Neil Gilliam
Batting: LHB Gerald Holloway 0-0: Ball
1-0: Called Strike
1-1: Foul Ball, location: 2F
1-2: Ball
2-2: Foul Ball, location: 2F
2-2: Strikes out swinging wild pitch, reaches first!
Pitching: LHP Greg Jordan
Batting: RHB Brent Burgess 0-0: Ball
1-0: Foul Ball, location: 2F
1-1: Ball
2-1: Ball
3-1: SINGLE (Flyball, 89S)
Gerald Holloway to second
Batting: RHB Román Centena 0-0: Swinging Strike
0-1: Ball
1-1: Fly out, F7 (Popup, 78S)
Batting: LHB Norm Ortega 0-0: Fly out, F8 (Flyball, 8RM)
Batting: RHB Javier Díaz 0-0: Foul Ball, location: 2F
0-1: Ball
1-1: Swinging Strike
1-2: Strikes out swinging
Top of the 8th over - 0 run(s), 1 hit(s), 0 error(s), 2 left on base; Hartford 3 - D.C. 13
BOTTOM OF THE 8TH
D.C. Divided batting - Pitching for Hartford Whalers : RHP Floyd MacFadden
Batting: RHB Lúcio López Single, Error in OF, E8, batter to second base
Batting: RHB Brett Robinson 0-0: Ball
1-0: Ground out 6-3 (Groundball, 6)
Batting: RHB Mario Castillo 0-0: Ball
1-0: Called Strike
1-1: Ground out 5-3 (Groundball, 56)
Batting: LHB Mike Gardner 0-0: Ball
1-0: Called Strike
1-1: Ball
2-1: Foul Ball, location: 2F
2-2: Foul Ball, location: 2F
2-2: Foul Ball, location: 2F
2-2: Ball
3-2: Foul Ball, location: 2F
3-2: Base on Balls
Batting: RHB Cristo González 0-0: Ground out 5-3 (Groundball, 5)
Bottom of the 8th over - 0 run(s), 1 hit(s), 1 error(s), 2 left on base; Hartford 3 - D.C. 13
TOP OF THE 9TH
Hartford Whalers batting - Pitching for D.C. Divided : LHP Greg Jordan
Batting: LHB James Sorensen 0-0: Called Strike
0-1: Called Strike
0-2: Strikes out looking
Batting: RHB Dave Farr 0-0: Fly out, F9 (Flyball, 9LM)
Batting: RHB Phil Hayes 0-0: Foul Ball, location: 2F
0-1: Ball
1-1: Foul Ball, location: 2F
1-2: Foul Ball, location: 2F
1-2: Ball
2-2: Ball
3-2: Base on Balls
Batting: LHB César Durán 0-0: Ball
1-0: Swinging Strike
1-1: Ball
2-1: Called Strike
2-2: Foul Ball, location: 2F
2-2: Foul Ball, location: 2F
2-2: Strikes out swinging
Top of the 9th over - 0 run(s), 0 hit(s), 0 error(s), 1 left on base; Hartford 3 - D.C. 13
This league is powered by Out of the Park Baseball, the baseball management simulation game for PC, Mac and Linux
Friday, April 15th, 2016 - OOTP Baseball 16.9 Build 39